 Dungeon Crawl Stone Soup version 0.29.0-4-gdea44cf6ec (webtiles) character file.

Game seed: 5410411444724688694

5244 qw the Grappler (level 10, -2/86 HPs)
             Began as a Troll Cinder Acolyte on Sept 2, 2022.
             Was an Initiate of Ignis.
             Killed from afar by Fannar (39 damage)
             ... with a bolt of cold
             ... on level 10 of the Dungeon.
             The game lasted 00:06:07 (9996 turns).

qw the Grappler (Troll Cinder Acolyte)              Turns: 9996, Time: 00:06:08

Health: -2/86      AC:  9    Str: 25    XL:     10   Next: 36%
Magic:  10/10      EV: 10    Int:  7    God:    Ignis [......]
Gold:   368        SH: 10    Dex:  7    Spells: 11/11 levels left

rFire   + . .      SeeInvis .     - Unarmed
rCold   . . .      Faith    .   a - +0 tower shield
rNeg    . . .      Spirit   .   g - +1 robe "Dary" {Regen+ Int-3 Dex+2}
rPois   .          Reflect  .   (helmet restricted)
rElec   .          Harm     .   (no cloak)
rCorr   .          Rampage  .   (gloves unavailable)
Will    +++..                   (boots unavailable)
Stlth   +.........              (no amulet)
HPRegen 1.84/turn               f - +4 ring of evasion
MPRegen 0.12/turn               j - ring of the Priest {Will+++ AC+4 Str-3}

@: no status effects
A: large, unfitting armour, claws 3, regeneration 1, shaggy fur 1, tough skin 1,
horns 1, frail 1
a: Renounce Religion, Rising Flame


You were on level 10 of the Dungeon.
You worshipped Ignis.
Ignis was noncommittal.
You visited 1 branch of the dungeon, and saw 10 of its levels.

You collected 579 gold pieces.
You spent 211 gold pieces at shops.


Innate Abilities, Weirdness & Mutations

You are too large for most types of armour.
You have claws for hands.
Your natural rate of healing is unusually fast.
You are covered in fur. (AC +1)
You have tough skin. (AC +1)
You have a pair of small horns on your head.
You are frail. (-10% HP)


   Skills:
 - Level 5.3 Fighting
 - Level 1.0 Throwing
 - Level 2.1 Dodging
 + Level 3.3 Shields
 - Level 13.6 Unarmed Combat
 - Level 1.0 Spellcasting
 - Level 2.1 Fire Magic


You had 11 spell levels left.
You didn't know any spells.
Your spell library contained the following spells:

 Spells                   Type           Power      Damage    Failure   Level
 Scorch                   Fire           6%         2d5       88%         2

Inventory:

Missiles
 c - 15 boomerangs (quivered)
Armour
 a - a +0 tower shield (worn)
 g - the +1 robe "Dary" (worn) {Regen+ Int-3 Dex+2}
   (You bought it in a shop on level 6 of the Dungeon)

   Int:       It affects your intelligence (-3).
   Dex:       It affects your dexterity (+2).
   Regen:     It increases your rate of health regeneration.
Jewellery
 f - a +4 ring of evasion (left claw)
 j - the ring of the Priest (right claw) {Will+++ AC+4 Str-3}
   (You found it on level 2 of the Dungeon)

   [ring of protection]

   AC:        It affects your AC (+4).
   Str:       It affects your strength (-3).
   Will:      It greatly increases your willpower.
 m - a +4 ring of protection
Scrolls
 b - 2 scrolls of enchant weapon
 e - a scroll of identify
 q - a scroll of brand weapon
Potions
 i - a potion of heal wounds
 l - a potion of cancellation
 o - 3 potions of might
 p - 4 potions of curing

Dungeon Overview and Level Annotations

Branches:
Dungeon (10/15)            Temple (0/1) D:4
   Lair: D:8-11         Orc: D:9-12

Altars:
Dithmenos
Makhleb
Nemelex Xobeh
Ru
Wu Jian
Zin

Shops:
D:6 [   D:9 [

Annotations:
D:3 1 runed translucent door, Crazy Yiuf
D:6 3 runed translucent doors, qw's ghost, novice TrCA
D:10 Fannar


Message History

Fannar hits you with a +0 quarterstaff of freezing.
Fannar freezes you. You block the ice beast's attack.
You scratch Fannar but do no damage.
Fannar is lightly wounded.
You block Fannar's attack. The ice beast hits you. The ice beast freezes you!
You closely miss Fannar. Your headbutt misses Fannar.
Fannar is lightly wounded.
Fannar hits you with a +0 quarterstaff of freezing.
Fannar freezes you. You block the ice beast's attack.
You mangle Fannar!!
Fannar is heavily wounded.
Fannar mumbles some strange words.
Fannar drains the heat from the surrounding environment!
The ice beast completely resists.
You block the ice beast's attack.
You miss Fannar. Your headbutt misses Fannar.
Fannar is heavily wounded.
Fannar hits you with a +0 quarterstaff of freezing.
Fannar freezes you. The ice beast hits you. The ice beast freezes you.
You closely miss Fannar. Your headbutt misses Fannar.
Fannar is heavily wounded.
Fannar hits you with a +0 quarterstaff of freezing.
Fannar freezes you. You block the ice beast's attack.
You closely miss Fannar.
Fannar is heavily wounded.
You block Fannar's attack. The ice beast barely misses you.
You block Fannar's attack.
You barely miss Fannar.
Fannar is heavily wounded.
The ice beast hits you. The ice beast freezes you!
Fannar hits you with a +0 quarterstaff of freezing.
Fannar freezes you.
The ice beast hits you but does no damage.
You claw Fannar!
Fannar is heavily wounded.
Fannar closely misses you. You block the ice beast's attack.
You closely miss Fannar. Your headbutt misses Fannar.
Fannar is heavily wounded.
Fannar casts a spell at you. The bolt of cold hits you!!!
You die...

#...........
#...........
#...........
#...........
#...........
#...........
#....e......
#...@Y......
#...........
.##########...........
......................
.......<..............
####################.#
#


You could see Fannar and an ice beast (summoned).

Vanquished Creatures
  A skeletal warrior (D:9)
  A hornet (D:7)
  2 shadows (D:9)
  6 yaks (D:8)
  A steam dragon (D:8)
  Menkaure (D:4)
  A water moccasin (D:7)
  An orc warrior (D:9)
  5 centaurs
  A gnoll sergeant (D:8)
  2 kobold brigands
  A bullfrog (D:5)
  A necrophage (D:6)
  3 scorpions
  12 wights
  5 killer bees (D:7)
  6 howler monkeys
  3 electric eels (D:9)
  4 hounds
  4 jellies
  3 orc priests
  A gnoll bouda (D:5)
  Terence (D:3)
  An iguana (D:5)
  6 orc wizards
  12 gnolls
  3 adders
  A worm (D:3)
  3 dart slugs
  22 orcs
  9 endoplasms
  4 giant cockroaches
  6 goblins
  7 hobgoblins
  4 quokkas
  11 ball pythons
  6 bats
  4 frilled lizards
  11 kobolds
  3 rats
179 creatures vanquished.

Vanquished Creatures (others)
  A fungus (D:3)
  25 plants
26 creatures vanquished.

Grand Total: 205 creatures vanquished

Notes
Turn   | Place    | Note
-------+----------+-------------------------------------------
     0 | D:1      | qw the Troll Cinder Acolyte began the quest for the Orb.
     0 | D:1      | Reached XP level 1. HP: 22/22 MP: 1/1
     0 | D:1      | 0 ||| qw: Version: 0.1-a-97-g2dd2ca4
     0 | D:1      | 0 ||| qw: Game counter: 5007
     0 | D:1      | 0 ||| qw: Always use a shield: true
     0 | D:1      | 0 ||| qw: God list: Okawaru
     0 | D:1      | 0 ||| qw: Allow faded altars: false
     0 | D:1      | 0 ||| qw: Do Orc after D:15 true
     0 | D:1      | 0 ||| qw: Do second Lair branch before Depths: true
     0 | D:1      | 0 ||| qw: Lair rune preference: random
     0 | D:1      | 0 ||| qw: Plans: Normal
     0 | D:1      | 0 ||| PLANNING D:1-11
    14 | D:1      | 14 ||| Stepping ~*~*~tactically~*~*~ (hiding).
    16 | D:1      | 16 ||| Stepping ~*~*~tactically~*~*~ (hiding).
   251 | D:1      | Reached XP level 2. HP: 29/29 MP: 2/2
   270 | D:1      | 270 ||| Stepping ~*~*~tactically~*~*~ (outnumbered).
   271 | D:1      | 271 ||| Stepping ~*~*~tactically~*~*~ (outnumbered).
   272 | D:1      | 272 ||| Stepping ~*~*~tactically~*~*~ (outnumbered).
   273 | D:1      | 273 ||| Stepping ~*~*~tactically~*~*~ (outnumbered).
   326 | D:1      | 326 ||| Stepping ~*~*~tactically~*~*~ (stealth).
   327 | D:1      | 327 ||| Stepping ~*~*~tactically~*~*~ (stealth).
   582 | D:1      | Reached skill level 4 in Unarmed Combat
   682 | D:1      | 682 ||| UPGRADING to +4 ring of evasion.
   683 | D:1      | 683 ||| READING 2 scrolls labelled VIPNOX GYU.
   684 | D:1      | 684 ||| READING scroll labelled JUSOXK AN GYSCH.
   685 | D:1      | 685 ||| READING scroll labelled COTOEJ LOEP.
   686 | D:1      | 686 ||| DROPPING scroll of noise.
   777 | D:2      | 777 ||| Stepping ~*~*~tactically~*~*~ (hiding).
   783 | D:2      | 783 ||| Stepping ~*~*~tactically~*~*~ (outnumbered).
   789 | D:2      | Reached XP level 3. HP: 36/36 MP: 3/3
   810 | D:2      | Reached skill level 1 in Throwing
   846 | D:2      | Identified the ring of the Priest {Will+++ AC+4 Str-3}
  1054 | D:2      | Found a glowing silver altar of Zin.
  1539 | D:2      | 1539 ||| DROPPING scarf of shadows.
  1540 | D:2      | 1540 ||| UPGRADING to ring of the Priest {Will+++ AC+4
                  | Str-3}.
  1541 | D:2      | 1541 ||| READING scroll labelled HICWEO QEPEM.
  1542 | D:2      | 1542 ||| DRINKING 2 metallic amethyst potions.
  1543 | D:2      | 1543 ||| DRINKING 2 glowing black potions.
  1565 | D:3      | Reached XP level 4. HP: 44/44 MP: 4/4
  1649 | D:3      | Reached skill level 5 in Unarmed Combat
  1729 | D:3      | Found a runed translucent door.
  1730 | D:3      | Noticed Crazy Yiuf
  1823 | D:3      | 1823 ||| Stepping ~*~*~tactically~*~*~ (hiding).
  1843 | D:3      | 1843 ||| Stepping ~*~*~tactically~*~*~ (stealth).
  1865 | D:3      | Noticed Terence
  1866 | D:3      | 1866 ||| INVOKING Fiery Armour.
  1873 | D:3      | Killed Terence
  1874 | D:3      | HP: 11/44 [orc priest/divine providence (17)]
  1875 | D:3      | 1875 ||| DRINKING potion of heal wounds.
  1876 | D:3      | 1876 ||| Stepping ~*~*~tactically~*~*~ (hiding).
  1877 | D:3      | 1877 ||| Stepping ~*~*~tactically~*~*~ (outnumbered).
  1878 | D:3      | 1878 ||| Stepping ~*~*~tactically~*~*~ (hiding).
  1881 | D:3      | Reached XP level 5. HP: 31/50 MP: 5/5
  1881 | D:3      | 1881 ||| Stepping ~*~*~tactically~*~*~ (hiding).
  1888 | D:3      | 1888 ||| Stepping ~*~*~tactically~*~*~ (outnumbered).
  1890 | D:3      | 1890 ||| Stepping ~*~*~tactically~*~*~ (outnumbered).
  1897 | D:3      | Reached skill level 6 in Unarmed Combat
  1984 | D:3      | Found a sacrificial altar of Ru.
  2145 | D:3      | Found a faded altar of an unknown god.
  2183 | D:3      | Reached XP level 6. HP: 49/59 MP: 6/6
  2296 | D:3      | 2296 ||| READING scroll labelled KOEVVU CUXUOH.
  2297 | D:3      | 2297 ||| DRINKING 2 murky grey potions.
  2298 | D:3      | 2298 ||| DRINKING 3 bubbling silvery potions.
  2299 | D:3      | 2299 ||| DROPPING potion of magic.
  2738 | D:4      | Noticed Menkaure
  2745 | D:4      | Killed Menkaure
  2746 | D:4      | Reached skill level 7 in Unarmed Combat
  2777 | D:4      | Identified the +2 leather armour of Trumpets {Will+ Str+3}
  2787 | D:4      | Found a staircase to the Ecumenical Temple.
  2809 | D:4      | Reached XP level 7. HP: 61/66 MP: 7/7
  2857 | D:4      | Reached skill level 8 in Unarmed Combat
  2900 | D:4      | 2900 ||| READING scroll labelled CAIM VIHEJAE.
  2901 | D:4      | 2901 ||| READING scroll labelled QACES VEELL.
  2902 | D:4      | 2902 ||| DRINKING 2 ruby potions.
  2936 | D:4      | 2936 ||| DRINKING 2 dark potions.
  2937 | D:4      | 2937 ||| READING 2 scrolls of identify.
  2937 | D:4      | 2937 ||| IDENTIFYING fuming green potion
  2938 | D:4      | 2938 ||| DROPPING potion of brilliance.
  2939 | D:4      | 2939 ||| DROPPING potion of lignification.
  2940 | D:4      | 2940 ||| DROPPING potion of flight.
  2949 | D:5      | Entered Level 5 of the Dungeon
  2952 | D:5      | 2952 ||| INVOKING Fiery Armour.
  2956 | D:5      | 2956 ||| Stepping ~*~*~tactically~*~*~ (outnumbered).
  2957 | D:5      | 2957 ||| Stepping ~*~*~tactically~*~*~ (outnumbered).
  2958 | D:5      | 2958 ||| Stepping ~*~*~tactically~*~*~ (outnumbered).
  2959 | D:5      | 2959 ||| Stepping ~*~*~tactically~*~*~ (outnumbered).
  2960 | D:5      | 2960 ||| Stepping ~*~*~tactically~*~*~ (outnumbered).
  2966 | D:5      | Reached skill level 3 in Fighting
  3361 | D:5      | 3361 ||| Stepping ~*~*~tactically~*~*~ (hiding).
  3362 | D:5      | 3362 ||| Stepping ~*~*~tactically~*~*~ (hiding).
  3365 | D:5      | 3365 ||| INVOKING Fiery Armour.
  3366 | D:5      | 3366 ||| Stepping ~*~*~tactically~*~*~ (outnumbered).
  3367 | D:5      | 3367 ||| Stepping ~*~*~tactically~*~*~ (outnumbered).
  3372 | D:5      | 3372 ||| Stepping ~*~*~tactically~*~*~ (outnumbered).
  3374 | D:5      | 3374 ||| Stepping ~*~*~tactically~*~*~ (outnumbered).
  3376 | D:5      | 3376 ||| Stepping ~*~*~tactically~*~*~ (outnumbered).
  3382 | D:5      | Reached skill level 9 in Unarmed Combat
  3382 | D:5      | 3382 ||| Stepping ~*~*~tactically~*~*~ (outnumbered).
  3385 | D:5      | 3385 ||| Stepping ~*~*~tactically~*~*~ (outnumbered).
  3386 | D:5      | 3386 ||| Stepping ~*~*~tactically~*~*~ (outnumbered).
  3605 | D:5      | Reached skill level 1 in Dodging
  3628 | D:5      | Found an ornate altar of the Wu Jian Council.
  3655 | D:5      | Reached XP level 8. HP: 75/75 MP: 8/8
  3659 | D:5      | 3659 ||| Stepping ~*~*~tactically~*~*~ (stealth).
  3661 | D:5      | 3661 ||| Stepping ~*~*~tactically~*~*~ (hiding).
  3663 | D:5      | 3663 ||| Stepping ~*~*~tactically~*~*~ (hiding).
  3997 | D:5      | 3997 ||| READING 2 scrolls labelled DEPLI UNLUM.
  3998 | D:5      | 3998 ||| READING scroll labelled SUREF XOWOED.
  4099 | D:5      | 4099 ||| DRINKING 2 fuming blue potions.
  4100 | D:5      | 4100 ||| READING 3 scrolls of identify.
  4100 | D:5      | 4100 ||| IDENTIFYING puce potion
  4101 | D:5      | 4101 ||| READING 2 scrolls of identify.
  4101 | D:5      | 4101 ||| IDENTIFYING clear potion
  4102 | D:5      | 4102 ||| DROPPING potion of ambrosia.
  4103 | D:5      | 4103 ||| DROPPING potion of invisibility.
  4104 | D:5      | 4104 ||| DROPPING scroll of fog.
  4192 | D:6      | Found a shadowy altar of Dithmenos.
  4325 | D:6      | 4325 ||| Stepping ~*~*~tactically~*~*~ (stealth).
  4402 | D:6      | Reached skill level 10 in Unarmed Combat
  4844 | D:6      | Found Zacs's Armour Boutique.
  4853 | D:6      | 4853 ||| BUYING +1 robe "Dary" {Regen+ Int-3 Dex+2} (148
                  | gold).
  4853 | D:6      | Bought the +1 robe "Dary" {Regen+ Int-3 Dex+2} for 148 gold
                  | pieces
  4857 | D:6      | 4857 ||| Stepping ~*~*~tactically~*~*~ (hiding).
  4861 | D:6      | 4861 ||| INVOKING Fiery Armour.
  4865 | D:6      | 4865 ||| Stepping ~*~*~tactically~*~*~ (outnumbered).
  4979 | D:6      | Found a runed translucent gate.
  4979 | D:6      | Found a runed translucent gate.
  4979 | D:6      | Found a runed translucent gate.
  4982 | D:6      | Noticed qw's ghost (novice TrCA)
  5002 | D:6      | 5002 ||| UPGRADING to +1 robe "Dary" {Regen+ Int-3 Dex+2}.
  5012 | D:6      | 5012 ||| DROPPING +0 robe.
  5013 | D:6      | 5013 ||| READING scroll labelled YQIHOI KOIGUR.
  5060 | D:7      | Noticed a hornet
  5063 | D:7      | Paralysed by a hornet for 2 turns
  5066 | D:7      | 5066 ||| INVOKING Fiery Armour.
  5066 | D:7      | HP: 14/78 [hornet (13)]
  5070 | D:7      | Killed a hornet
  5070 | D:7      | HP: 6/78 [poisoned by a hornet]
  5075 | D:7      | HP: 11/78 [poisoned by a hornet]
  5154 | D:7      | 5154 ||| Stepping ~*~*~tactically~*~*~ (outnumbered).
  5155 | D:7      | 5155 ||| Stepping ~*~*~tactically~*~*~ (outnumbered).
  5156 | D:7      | 5156 ||| Stepping ~*~*~tactically~*~*~ (outnumbered).
  5170 | D:7      | 5170 ||| Stepping ~*~*~tactically~*~*~ (stealth).
  5174 | D:7      | Reached skill level 11 in Unarmed Combat
  5193 | D:7      | Reached XP level 9. HP: 73/84 MP: 9/9
  5461 | D:7      | 5461 ||| Stepping ~*~*~tactically~*~*~ (outnumbered).
  5473 | D:7      | 5473 ||| Stepping ~*~*~tactically~*~*~ (stealth).
  5474 | D:7      | 5474 ||| Stepping ~*~*~tactically~*~*~ (stealth).
  5487 | D:7      | 5487 ||| Stepping ~*~*~tactically~*~*~ (stealth).
  5488 | D:7      | 5488 ||| Stepping ~*~*~tactically~*~*~ (stealth).
  5490 | D:7      | 5490 ||| Stepping ~*~*~tactically~*~*~ (hiding).
  5703 | D:7      | 5703 ||| DROPPING orb of energy.
  5845 | D:8      | Reached skill level 12 in Unarmed Combat
  5878 | D:8      | 5878 ||| Stepping ~*~*~tactically~*~*~ (stealth).
  5880 | D:8      | 5880 ||| Stepping ~*~*~tactically~*~*~ (stealth).
  5882 | D:8      | 5882 ||| Stepping ~*~*~tactically~*~*~ (stealth).
  5895 | D:8      | 5895 ||| Stepping ~*~*~tactically~*~*~ (outnumbered).
  5896 | D:8      | 5896 ||| Stepping ~*~*~tactically~*~*~ (outnumbered).
  5897 | D:8      | 5897 ||| Stepping ~*~*~tactically~*~*~ (outnumbered).
  5898 | D:8      | 5898 ||| Stepping ~*~*~tactically~*~*~ (outnumbered).
  5932 | D:8      | 5932 ||| Stepping ~*~*~tactically~*~*~ (stealth).
  6143 | D:8      | Found a burning altar of Makhleb.
  6279 | D:8      | Reached skill level 13 in Unarmed Combat
  6595 | D:8      | 6595 ||| Stepping ~*~*~tactically~*~*~ (stealth).
  6600 | D:8      | 6600 ||| Stepping ~*~*~tactically~*~*~ (outnumbered).
  6601 | D:8      | 6601 ||| Stepping ~*~*~tactically~*~*~ (outnumbered).
  6602 | D:8      | 6602 ||| Stepping ~*~*~tactically~*~*~ (outnumbered).
  6603 | D:8      | 6603 ||| Stepping ~*~*~tactically~*~*~ (outnumbered).
  6604 | D:8      | 6604 ||| INVOKING Fiery Armour.
  6605 | D:8      | 6605 ||| Stepping ~*~*~tactically~*~*~ (outnumbered).
  6606 | D:8      | 6606 ||| Stepping ~*~*~tactically~*~*~ (outnumbered).
  6607 | D:8      | 6607 ||| Stepping ~*~*~tactically~*~*~ (outnumbered).
  6609 | D:8      | 6609 ||| Stepping ~*~*~tactically~*~*~ (outnumbered).
  6615 | D:8      | Reached XP level 10. HP: 63/92 MP: 10/10
  6838 | D:8      | 6838 ||| DROPPING ring of protection from cold.
  6839 | D:8      | 6839 ||| READING scroll labelled ZUGUBO ZUUCS.
  6843 | D:8      | 6843 ||| READING 2 scrolls of identify.
  6843 | D:8      | 6843 ||| IDENTIFYING coppery potion
  6844 | D:8      | 6844 ||| DROPPING potion of degeneration.
  6918 | D:9      | 6918 ||| Stepping ~*~*~tactically~*~*~ (hiding).
  6920 | D:9      | 6920 ||| Stepping ~*~*~tactically~*~*~ (hiding).
  7102 | D:9      | Found Miurill's Armour Boutique.
  7110 | D:9      | 7110 ||| BUYING +0 tower shield (63 gold).
  7110 | D:9      | Bought a +0 tower shield for 63 gold pieces
  7227 | D:9      | Found a sparkling altar of Nemelex Xobeh.
  7235 | D:9      | 7235 ||| Stepping ~*~*~tactically~*~*~ (stealth).
  7239 | D:9      | 7239 ||| Stepping ~*~*~tactically~*~*~ (stealth).
  7363 | D:9      | 7363 ||| Stepping ~*~*~tactically~*~*~ (outnumbered).
  7364 | D:9      | 7364 ||| Stepping ~*~*~tactically~*~*~ (outnumbered).
  7366 | D:9      | 7366 ||| Stepping ~*~*~tactically~*~*~ (outnumbered).
  7367 | D:9      | 7367 ||| Stepping ~*~*~tactically~*~*~ (outnumbered).
  7368 | D:9      | 7368 ||| Stepping ~*~*~tactically~*~*~ (outnumbered).
  7369 | D:9      | 7369 ||| Stepping ~*~*~tactically~*~*~ (outnumbered).
  7370 | D:9      | 7370 ||| Stepping ~*~*~tactically~*~*~ (outnumbered).
  8026 | D:9      | 8026 ||| FLEEEEING.
  8027 | D:9      | 8027 ||| FLEEEEING.
  8028 | D:9      | 8028 ||| FLEEEEING.
  8029 | D:9      | 8029 ||| FLEEEEING.
  8141 | D:9      | Noticed a skeletal warrior
  8142 | D:9      | 8142 ||| UPGRADING to +0 tower shield.
  8164 | D:9      | 8164 ||| Stepping ~*~*~tactically~*~*~ (hiding).
  8266 | D:9      | Killed a skeletal warrior
  8267 | D:9      | Reached skill level 3 in Shields
  8280 | D:9      | 8280 ||| INVOKING Fiery Armour.
  8284 | D:9      | HP: 24/96 [electric eel/bolt of electricity (14)]
  8289 | D:9      | HP: 6/96 [electric eel/bolt of electricity (9)]
  8351 | D:9      | 8351 ||| Stepping ~*~*~tactically~*~*~ (outnumbered).
  8353 | D:9      | 8353 ||| FLEEEEING.
  8360 | D:9      | 8360 ||| Stepping ~*~*~tactically~*~*~ (stealth).
  8366 | D:9      | 8366 ||| Stepping ~*~*~tactically~*~*~ (outnumbered).
  8368 | D:9      | 8368 ||| FLEEEEING.
  8377 | D:9      | 8377 ||| FLEEEEING.
  8388 | D:9      | 8388 ||| INVOKING Fiery Armour.
  8389 | D:9      | 8389 ||| FLEEEEING.
  8401 | D:9      | 8401 ||| Stepping ~*~*~tactically~*~*~ (outnumbered).
  8407 | D:9      | 8407 ||| Stepping ~*~*~tactically~*~*~ (outnumbered).
  8413 | D:9      | 8413 ||| Stepping ~*~*~tactically~*~*~ (outnumbered).
  8419 | D:9      | 8419 ||| Stepping ~*~*~tactically~*~*~ (outnumbered).
  8421 | D:9      | 8421 ||| Stepping ~*~*~tactically~*~*~ (outnumbered).
  8426 | D:9      | 8426 ||| Stepping ~*~*~tactically~*~*~ (outnumbered).
  8428 | D:9      | 8428 ||| FLEEEEING.
  8439 | D:9      | 8439 ||| Stepping ~*~*~tactically~*~*~ (outnumbered).
  8441 | D:9      | 8441 ||| Stepping ~*~*~tactically~*~*~ (outnumbered).
  8443 | D:9      | 8443 ||| Stepping ~*~*~tactically~*~*~ (outnumbered).
  8445 | D:9      | 8445 ||| FLEEEEING.
  8453 | D:9      | 8453 ||| Stepping ~*~*~tactically~*~*~ (outnumbered).
  8458 | D:9      | 8458 ||| Stepping ~*~*~tactically~*~*~ (outnumbered).
  8460 | D:9      | 8460 ||| Stepping ~*~*~tactically~*~*~ (outnumbered).
  8463 | D:9      | 8463 ||| Stepping ~*~*~tactically~*~*~ (outnumbered).
  8465 | D:9      | 8465 ||| FLEEEEING.
  8477 | D:9      | 8477 ||| Stepping ~*~*~tactically~*~*~ (outnumbered).
  8481 | D:9      | 8481 ||| Stepping ~*~*~tactically~*~*~ (outnumbered).
  8483 | D:9      | 8483 ||| Stepping ~*~*~tactically~*~*~ (outnumbered).
  8485 | D:9      | 8485 ||| Stepping ~*~*~tactically~*~*~ (outnumbered).
  8490 | D:9      | 8490 ||| Stepping ~*~*~tactically~*~*~ (outnumbered).
  8496 | D:9      | 8496 ||| Stepping ~*~*~tactically~*~*~ (outnumbered).
  8498 | D:9      | 8498 ||| FLEEEEING.
  8509 | D:9      | 8509 ||| FLEEEEING.
  8518 | D:9      | 8518 ||| INVOKING Fiery Armour.
  8519 | D:9      | 8519 ||| Stepping ~*~*~tactically~*~*~ (outnumbered).
  8522 | D:9      | 8522 ||| Stepping ~*~*~tactically~*~*~ (outnumbered).
  8524 | D:9      | 8524 ||| Stepping ~*~*~tactically~*~*~ (outnumbered).
  8526 | D:9      | 8526 ||| Stepping ~*~*~tactically~*~*~ (outnumbered).
  8528 | D:9      | 8528 ||| FLEEEEING.
  8534 | D:9      | 8534 ||| Stepping ~*~*~tactically~*~*~ (outnumbered).
  8536 | D:9      | 8536 ||| FLEEEEING.
  8543 | D:9      | 8543 ||| Stepping ~*~*~tactically~*~*~ (outnumbered).
  8548 | D:9      | 8548 ||| Stepping ~*~*~tactically~*~*~ (outnumbered).
  8553 | D:9      | 8553 ||| Stepping ~*~*~tactically~*~*~ (outnumbered).
  8559 | D:9      | 8559 ||| Stepping ~*~*~tactically~*~*~ (outnumbered).
  8563 | D:9      | 8563 ||| Stepping ~*~*~tactically~*~*~ (outnumbered).
  8569 | D:9      | 8569 ||| FLEEEEING.
  8576 | D:9      | 8576 ||| Stepping ~*~*~tactically~*~*~ (outnumbered).
  8578 | D:9      | 8578 ||| FLEEEEING.
  8590 | D:9      | 8590 ||| Stepping ~*~*~tactically~*~*~ (outnumbered).
  8592 | D:9      | 8592 ||| Stepping ~*~*~tactically~*~*~ (outnumbered).
  8595 | D:9      | 8595 ||| FLEEEEING.
  8612 | D:9      | 8612 ||| FLEEEEING.
  8628 | D:9      | 8628 ||| INVOKING Fiery Armour.
  8629 | D:9      | 8629 ||| Stepping ~*~*~tactically~*~*~ (outnumbered).
  8633 | D:9      | 8633 ||| Stepping ~*~*~tactically~*~*~ (outnumbered).
  8636 | D:9      | 8636 ||| Stepping ~*~*~tactically~*~*~ (outnumbered).
  8642 | D:9      | 8642 ||| FLEEEEING.
  8655 | D:9      | 8655 ||| Stepping ~*~*~tactically~*~*~ (outnumbered).
  8657 | D:9      | 8657 ||| Stepping ~*~*~tactically~*~*~ (outnumbered).
  8659 | D:9      | 8659 ||| Stepping ~*~*~tactically~*~*~ (outnumbered).
  8661 | D:9      | 8661 ||| Stepping ~*~*~tactically~*~*~ (outnumbered).
  8667 | D:9      | 8667 ||| Stepping ~*~*~tactically~*~*~ (outnumbered).
  8669 | D:9      | 8669 ||| Stepping ~*~*~tactically~*~*~ (outnumbered).
  8671 | D:9      | 8671 ||| Stepping ~*~*~tactically~*~*~ (outnumbered).
  8674 | D:9      | 8674 ||| Stepping ~*~*~tactically~*~*~ (outnumbered).
  8678 | D:9      | 8678 ||| Stepping ~*~*~tactically~*~*~ (outnumbered).
  8684 | D:9      | 8684 ||| Stepping ~*~*~tactically~*~*~ (outnumbered).
  8689 | D:9      | 8689 ||| Stepping ~*~*~tactically~*~*~ (outnumbered).
  8691 | D:9      | 8691 ||| Stepping ~*~*~tactically~*~*~ (outnumbered).
  8696 | D:9      | 8696 ||| Stepping ~*~*~tactically~*~*~ (outnumbered).
  8698 | D:9      | 8698 ||| Stepping ~*~*~tactically~*~*~ (outnumbered).
  8700 | D:9      | 8700 ||| Stepping ~*~*~tactically~*~*~ (outnumbered).
  8702 | D:9      | 8702 ||| FLEEEEING.
  8709 | D:9      | 8709 ||| FLEEEEING.
  8716 | D:9      | 8716 ||| FLEEEEING.
  8723 | D:9      | 8723 ||| Stepping ~*~*~tactically~*~*~ (outnumbered).
  8727 | D:9      | 8727 ||| Stepping ~*~*~tactically~*~*~ (outnumbered).
  8729 | D:9      | 8729 ||| Stepping ~*~*~tactically~*~*~ (outnumbered).
  8733 | D:9      | 8733 ||| FLEEEEING.
  8748 | D:9      | 8748 ||| INVOKING Fiery Armour.
  8749 | D:9      | 8749 ||| Stepping ~*~*~tactically~*~*~ (outnumbered).
  8754 | D:9      | 8754 ||| FLEEEEING.
  8763 | D:9      | 8763 ||| Stepping ~*~*~tactically~*~*~ (outnumbered).
  8769 | D:9      | 8769 ||| Stepping ~*~*~tactically~*~*~ (outnumbered).
  8771 | D:9      | 8771 ||| Stepping ~*~*~tactically~*~*~ (outnumbered).
  8775 | D:9      | 8775 ||| Stepping ~*~*~tactically~*~*~ (outnumbered).
  8778 | D:9      | 8778 ||| Stepping ~*~*~tactically~*~*~ (outnumbered).
  8783 | D:9      | 8783 ||| Stepping ~*~*~tactically~*~*~ (outnumbered).
  8788 | D:9      | 8788 ||| Stepping ~*~*~tactically~*~*~ (outnumbered).
  8790 | D:9      | 8790 ||| Stepping ~*~*~tactically~*~*~ (outnumbered).
  8792 | D:9      | 8792 ||| Stepping ~*~*~tactically~*~*~ (outnumbered).
  8796 | D:9      | 8796 ||| Stepping ~*~*~tactically~*~*~ (outnumbered).
  8800 | D:9      | 8800 ||| Stepping ~*~*~tactically~*~*~ (outnumbered).
  8802 | D:9      | 8802 ||| FLEEEEING.
  8813 | D:9      | 8813 ||| Stepping ~*~*~tactically~*~*~ (outnumbered).
  8817 | D:9      | 8817 ||| Stepping ~*~*~tactically~*~*~ (outnumbered).
  8819 | D:9      | 8819 ||| Stepping ~*~*~tactically~*~*~ (outnumbered).
  8821 | D:9      | 8821 ||| Stepping ~*~*~tactically~*~*~ (outnumbered).
  8825 | D:9      | 8825 ||| Stepping ~*~*~tactically~*~*~ (outnumbered).
  8827 | D:9      | 8827 ||| FLEEEEING.
  8833 | D:9      | 8833 ||| Stepping ~*~*~tactically~*~*~ (outnumbered).
  8838 | D:9      | 8838 ||| FLEEEEING.
  8851 | D:9      | 8851 ||| Stepping ~*~*~tactically~*~*~ (outnumbered).
  8854 | D:9      | 8854 ||| Stepping ~*~*~tactically~*~*~ (outnumbered).
  8858 | D:9      | 8858 ||| FLEEEEING.
  8864 | D:9      | 8864 ||| INVOKING Fiery Armour.
  8865 | D:9      | 8865 ||| Stepping ~*~*~tactically~*~*~ (outnumbered).
  8870 | D:9      | 8870 ||| Stepping ~*~*~tactically~*~*~ (outnumbered).
  8876 | D:9      | 8876 ||| Stepping ~*~*~tactically~*~*~ (outnumbered).
  8882 | D:9      | 8882 ||| Stepping ~*~*~tactically~*~*~ (outnumbered).
  8884 | D:9      | 8884 ||| FLEEEEING.
  8893 | D:9      | 8893 ||| Stepping ~*~*~tactically~*~*~ (outnumbered).
  8896 | D:9      | 8896 ||| FLEEEEING.
  8905 | D:9      | 8905 ||| FLEEEEING.
  8912 | D:9      | 8912 ||| FLEEEEING.
  8919 | D:9      | 8919 ||| FLEEEEING.
  8935 | D:9      | 8935 ||| Stepping ~*~*~tactically~*~*~ (outnumbered).
  8940 | D:9      | 8940 ||| Stepping ~*~*~tactically~*~*~ (outnumbered).
  8944 | D:9      | 8944 ||| Stepping ~*~*~tactically~*~*~ (outnumbered).
  8950 | D:9      | 8950 ||| Stepping ~*~*~tactically~*~*~ (outnumbered).
  8952 | D:9      | 8952 ||| Stepping ~*~*~tactically~*~*~ (outnumbered).
  8958 | D:9      | 8958 ||| Stepping ~*~*~tactically~*~*~ (outnumbered).
  8962 | D:9      | 8962 ||| Stepping ~*~*~tactically~*~*~ (outnumbered).
  8964 | D:9      | 8964 ||| FLEEEEING.
  8975 | D:9      | 8975 ||| INVOKING Fiery Armour.
  8976 | D:9      | 8976 ||| Stepping ~*~*~tactically~*~*~ (outnumbered).
  8978 | D:9      | 8978 ||| Stepping ~*~*~tactically~*~*~ (outnumbered).
  8981 | D:9      | 8981 ||| Stepping ~*~*~tactically~*~*~ (outnumbered).
  8984 | D:9      | 8984 ||| Stepping ~*~*~tactically~*~*~ (outnumbered).
  8988 | D:9      | 8988 ||| Stepping ~*~*~tactically~*~*~ (outnumbered).
  8990 | D:9      | 8990 ||| Stepping ~*~*~tactically~*~*~ (outnumbered).
  8994 | D:9      | 8994 ||| Stepping ~*~*~tactically~*~*~ (outnumbered).
  8998 | D:9      | 8998 ||| FLEEEEING.
  9012 | D:9      | 9012 ||| Stepping ~*~*~tactically~*~*~ (outnumbered).
  9016 | D:9      | 9016 ||| Stepping ~*~*~tactically~*~*~ (outnumbered).
  9022 | D:9      | 9022 ||| Stepping ~*~*~tactically~*~*~ (outnumbered).
  9024 | D:9      | 9024 ||| Stepping ~*~*~tactically~*~*~ (outnumbered).
  9030 | D:9      | 9030 ||| Stepping ~*~*~tactically~*~*~ (outnumbered).
  9032 | D:9      | 9032 ||| Stepping ~*~*~tactically~*~*~ (outnumbered).
  9037 | D:9      | 9037 ||| FLEEEEING.
  9051 | D:9      | 9051 ||| FLEEEEING.
  9060 | D:9      | 9060 ||| Stepping ~*~*~tactically~*~*~ (outnumbered).
  9062 | D:9      | 9062 ||| Stepping ~*~*~tactically~*~*~ (outnumbered).
  9064 | D:9      | 9064 ||| Stepping ~*~*~tactically~*~*~ (outnumbered).
  9067 | D:9      | 9067 ||| Stepping ~*~*~tactically~*~*~ (outnumbered).
  9070 | D:9      | 9070 ||| FLEEEEING.
  9079 | D:9      | 9079 ||| Stepping ~*~*~tactically~*~*~ (outnumbered).
  9081 | D:9      | 9081 ||| FLEEEEING.
  9088 | D:9      | 9088 ||| Stepping ~*~*~tactically~*~*~ (outnumbered).
  9090 | D:9      | 9090 ||| Stepping ~*~*~tactically~*~*~ (outnumbered).
  9096 | D:9      | 9096 ||| Stepping ~*~*~tactically~*~*~ (outnumbered).
  9098 | D:9      | 9098 ||| Stepping ~*~*~tactically~*~*~ (outnumbered).
  9100 | D:9      | 9100 ||| Stepping ~*~*~tactically~*~*~ (outnumbered).
  9105 | D:9      | 9105 ||| FLEEEEING.
  9114 | D:9      | 9114 ||| Stepping ~*~*~tactically~*~*~ (outnumbered).
  9120 | D:9      | 9120 ||| Stepping ~*~*~tactically~*~*~ (outnumbered).
  9124 | D:9      | 9124 ||| Stepping ~*~*~tactically~*~*~ (outnumbered).
  9129 | D:9      | 9129 ||| Stepping ~*~*~tactically~*~*~ (outnumbered).
  9131 | D:9      | 9131 ||| Stepping ~*~*~tactically~*~*~ (outnumbered).
  9134 | D:9      | 9134 ||| FLEEEEING.
  9144 | D:9      | 9144 ||| Stepping ~*~*~tactically~*~*~ (outnumbered).
  9146 | D:9      | 9146 ||| Stepping ~*~*~tactically~*~*~ (outnumbered).
  9148 | D:9      | 9148 ||| Stepping ~*~*~tactically~*~*~ (outnumbered).
  9150 | D:9      | 9150 ||| Stepping ~*~*~tactically~*~*~ (outnumbered).
  9154 | D:9      | 9154 ||| Stepping ~*~*~tactically~*~*~ (outnumbered).
  9160 | D:9      | 9160 ||| Stepping ~*~*~tactically~*~*~ (outnumbered).
  9162 | D:9      | 9162 ||| FLEEEEING.
  9173 | D:9      | 9173 ||| FLEEEEING.
  9180 | D:9      | 9180 ||| FLEEEEING.
  9188 | D:9      | 9188 ||| FLEEEEING.
  9199 | D:9      | 9199 ||| Stepping ~*~*~tactically~*~*~ (outnumbered).
  9205 | D:9      | 9205 ||| Stepping ~*~*~tactically~*~*~ (outnumbered).
  9207 | D:9      | 9207 ||| FLEEEEING.
  9228 | D:9      | 9228 ||| FLEEEEING.
  9241 | D:9      | 9241 ||| FLEEEEING.
  9257 | D:9      | 9257 ||| FLEEEEING.
  9265 | D:9      | 9265 ||| FLEEEEING.
  9271 | D:9      | 9271 ||| FLEEEEING.
  9281 | D:9      | 9281 ||| FLEEEEING.
  9287 | D:9      | 9287 ||| Stepping ~*~*~tactically~*~*~ (outnumbered).
  9289 | D:9      | 9289 ||| Stepping ~*~*~tactically~*~*~ (outnumbered).
  9291 | D:9      | 9291 ||| Stepping ~*~*~tactically~*~*~ (stealth).
  9297 | D:9      | 9297 ||| Stepping ~*~*~tactically~*~*~ (outnumbered).
  9299 | D:9      | 9299 ||| Stepping ~*~*~tactically~*~*~ (outnumbered).
  9301 | D:9      | 9301 ||| Stepping ~*~*~tactically~*~*~ (outnumbered).
  9306 | D:9      | 9306 ||| FLEEEEING.
  9315 | D:9      | 9315 ||| Stepping ~*~*~tactically~*~*~ (outnumbered).
  9319 | D:9      | 9319 ||| Stepping ~*~*~tactically~*~*~ (outnumbered).
  9325 | D:9      | 9325 ||| Stepping ~*~*~tactically~*~*~ (outnumbered).
  9327 | D:9      | 9327 ||| FLEEEEING.
  9339 | D:9      | 9339 ||| Stepping ~*~*~tactically~*~*~ (outnumbered).
  9345 | D:9      | 9345 ||| FLEEEEING.
  9352 | D:9      | 9352 ||| FLEEEEING.
  9365 | D:9      | 9365 ||| Stepping ~*~*~tactically~*~*~ (outnumbered).
  9367 | D:9      | 9367 ||| FLEEEEING.
  9380 | D:9      | 9380 ||| Stepping ~*~*~tactically~*~*~ (outnumbered).
  9384 | D:9      | 9384 ||| FLEEEEING.
  9393 | D:9      | 9393 ||| Stepping ~*~*~tactically~*~*~ (outnumbered).
  9398 | D:9      | 9398 ||| FLEEEEING.
  9414 | D:9      | 9414 ||| FLEEEEING.
  9423 | D:9      | 9423 ||| FLEEEEING.
  9432 | D:9      | 9432 ||| Stepping ~*~*~tactically~*~*~ (outnumbered).
  9437 | D:9      | 9437 ||| FLEEEEING.
  9454 | D:9      | 9454 ||| Stepping ~*~*~tactically~*~*~ (outnumbered).
  9456 | D:9      | 9456 ||| FLEEEEING.
  9463 | D:9      | 9463 ||| Stepping ~*~*~tactically~*~*~ (outnumbered).
  9468 | D:9      | 9468 ||| Stepping ~*~*~tactically~*~*~ (outnumbered).
  9473 | D:9      | 9473 ||| Stepping ~*~*~tactically~*~*~ (outnumbered).
  9478 | D:9      | 9478 ||| Stepping ~*~*~tactically~*~*~ (outnumbered).
  9484 | D:9      | 9484 ||| FLEEEEING.
  9490 | D:9      | 9490 ||| FLEEEEING.
  9497 | D:9      | 9497 ||| FLEEEEING.
  9508 | D:9      | 9508 ||| Stepping ~*~*~tactically~*~*~ (outnumbered).
  9510 | D:9      | 9510 ||| Stepping ~*~*~tactically~*~*~ (outnumbered).
  9514 | D:9      | 9514 ||| Stepping ~*~*~tactically~*~*~ (outnumbered).
  9519 | D:9      | 9519 ||| FLEEEEING.
  9532 | D:9      | 9532 ||| Stepping ~*~*~tactically~*~*~ (outnumbered).
  9536 | D:9      | 9536 ||| Stepping ~*~*~tactically~*~*~ (outnumbered).
  9542 | D:9      | 9542 ||| FLEEEEING.
  9549 | D:9      | 9549 ||| FLEEEEING.
  9562 | D:9      | 9562 ||| Stepping ~*~*~tactically~*~*~ (outnumbered).
  9564 | D:9      | 9564 ||| Stepping ~*~*~tactically~*~*~ (outnumbered).
  9569 | D:9      | 9569 ||| Stepping ~*~*~tactically~*~*~ (outnumbered).
  9571 | D:9      | 9571 ||| Stepping ~*~*~tactically~*~*~ (outnumbered).
  9577 | D:9      | 9577 ||| FLEEEEING.
  9586 | D:9      | 9586 ||| Stepping ~*~*~tactically~*~*~ (outnumbered).
  9588 | D:9      | 9588 ||| Stepping ~*~*~tactically~*~*~ (outnumbered).
  9594 | D:9      | 9594 ||| FLEEEEING.
  9613 | D:9      | 9613 ||| Stepping ~*~*~tactically~*~*~ (outnumbered).
  9615 | D:9      | 9615 ||| FLEEEEING.
  9630 | D:9      | 9630 ||| Stepping ~*~*~tactically~*~*~ (stealth).
  9632 | D:9      | 9632 ||| Stepping ~*~*~tactically~*~*~ (stealth).
  9638 | D:9      | 9638 ||| Stepping ~*~*~tactically~*~*~ (outnumbered).
  9644 | D:9      | 9644 ||| Stepping ~*~*~tactically~*~*~ (outnumbered).
  9646 | D:9      | 9646 ||| Stepping ~*~*~tactically~*~*~ (outnumbered).
  9650 | D:9      | 9650 ||| Stepping ~*~*~tactically~*~*~ (outnumbered).
  9654 | D:9      | 9654 ||| Stepping ~*~*~tactically~*~*~ (outnumbered).
  9656 | D:9      | 9656 ||| Stepping ~*~*~tactically~*~*~ (outnumbered).
  9660 | D:9      | 9660 ||| FLEEEEING.
  9674 | D:9      | 9674 ||| Stepping ~*~*~tactically~*~*~ (outnumbered).
  9676 | D:9      | 9676 ||| FLEEEEING.
  9691 | D:9      | 9691 ||| FLEEEEING.
  9700 | D:9      | 9700 ||| FLEEEEING.
  9711 | D:9      | 9711 ||| FLEEEEING.
  9722 | D:9      | 9722 ||| Stepping ~*~*~tactically~*~*~ (outnumbered).
  9724 | D:9      | 9724 ||| FLEEEEING.
  9733 | D:9      | 9733 ||| Stepping ~*~*~tactically~*~*~ (outnumbered).
  9739 | D:9      | 9739 ||| FLEEEEING.
  9755 | D:9      | 9755 ||| FLEEEEING.
  9766 | D:9      | 9766 ||| FLEEEEING.
  9778 | D:9      | 9778 ||| FLEEEEING.
  9785 | D:9      | 9785 ||| FLEEEEING.
  9797 | D:9      | 9797 ||| FLEEEEING.
  9803 | D:9      | 9803 ||| FLEEEEING.
  9810 | D:9      | 9810 ||| FLEEEEING.
  9826 | D:9      | 9826 ||| FLEEEEING.
  9835 | D:9      | 9835 ||| Stepping ~*~*~tactically~*~*~ (outnumbered).
  9837 | D:9      | 9837 ||| FLEEEEING.
  9849 | D:9      | 9849 ||| Stepping ~*~*~tactically~*~*~ (outnumbered).
  9855 | D:9      | 9855 ||| FLEEEEING.
  9864 | D:9      | 9864 ||| Stepping ~*~*~tactically~*~*~ (outnumbered).
  9866 | D:9      | 9866 ||| Stepping ~*~*~tactically~*~*~ (outnumbered).
  9868 | D:9      | 9868 ||| FLEEEEING.
  9895 | D:9      | 9895 ||| FLEEEEING.
  9896 | D:9      | 9896 ||| FLEEEEING.
  9913 | D:9      | 9913 ||| READING scroll labelled JILUEDIAZA.
  9914 | D:9      | 9914 ||| DRINKING 2 golden potions.
  9914 | D:9      | Gained mutation: You have large cloven feet. [potion of
                  | mutation]
  9914 | D:9      | Gained mutation: You are frail. (-10% HP) [potion of
                  | mutation]
  9914 | D:9      | Gained mutation: You are clumsy. (Dex -2) [potion of
                  | mutation]
  9915 | D:9      | 9915 ||| DRINKING potion of mutation.
  9915 | D:9      | Lost mutation: You are clumsy. (Dex -2) [potion of
                  | mutation]
  9915 | D:9      | Lost mutation: You have large cloven feet. [potion of
                  | mutation]
  9915 | D:9      | Gained mutation: You are clumsy. (Dex -2) [potion of
                  | mutation]
  9915 | D:9      | Lost mutation: You are clumsy. (Dex -2) [potion of
                  | mutation]
  9915 | D:9      | Gained mutation: You have a pair of small horns on your
                  | head. [potion of mutation]
  9916 | D:9      | 9916 ||| READING 2 scrolls of identify.
  9916 | D:9      | 9916 ||| IDENTIFYING grey potion
  9917 | D:9      | 9917 ||| DROPPING potion of attraction.
  9973 | D:10     | Entered Level 10 of the Dungeon
  9977 | D:10     | Noticed Fannar
  9996 | D:10     | Killed from afar by Fannar

Levels and vault maps discovered:
D:1:      minmay_arrival_semitransparent, layout_loops_ring
D:2:      layout_basic, basic_altar, minmay_randomly_rotated_circles
D:3:      layout_rooms, nicolae_ru_path_of_blood,
          shapermc_ecumenical_altar_mp_ritualfount, st_stairs_12,
          grunt_decor_one_mirror, chequers_arboretum, cheibrodos_gnoll_hut,
          uniq_crazy_yiuf_cottage, uniq_terence
D:4:      layout_basic, minmay_temple_entry_glassed_door, uniq_menkaure
D:5:      layout_layer_cave, mainiacjoe_overflow_paths
D:6:      layout_basic, mainiacjoe_overflow_small_starburst, serial_shops, shop,
          biasface_ghost_orc_armoury, st_stairs_7, grunt_ministairs_12,
          nicolae_concentric_dashed_squares_mild, serial_bayou_pond_c
D:7:      layout_rooms, due_unseen_surprise
D:8:      layout_layer_cave, bloody_makhleb
D:9:      cheibrodos_two_vegetables, layout_layer_cave,
          mainiacjoe_overflow_concentric_impassable, serial_shops, shop
D:10:     layout_long_grid, erik_lair_dragon, david_orc_4,
          nicolae_elevator_lobby_plus, uniq_sonja, uniq_psyche, uniq_fannar

Skill      XL: |  1  2  3  4  5  6  7  8  9 10 |
---------------+-------------------------------+-----
Unarmed Combat | 4 5 6 7 9 11 13 | 13.6
Throwing       | 1 |  1.0
Fighting       | 3 4 5 |  5.3
Dodging        | 1 2 |  2.1
Shields        | 3 |  3.3
Spellcasting   | |  1.0
Fire Magic     | |  2.1

Action                   |  1- 3 |  4- 6 |  7- 9 | 10-12 || total
-------------------------+-------+-------+-------+-------++-------
Melee: Unarmed           |    72 |    85 |   217 |    56 ||   430
       Punch             |       |     2 |    15 |     1 ||    18
       Headbutt          |       |       |       |     2 ||     2
Throw: Javelin           |    26 |     8 |       |       ||    34
       Boomerang         |     6 |    11 |    66 |    21 ||   104
Invok: Fiery Armour      |       |     1 |     5 |     7 ||    13
  Use: Scroll            |     4 |     1 |     8 |     4 ||    17
       Potion            |     2 |     3 |     3 |     2 ||    10
 Stab: Distracted        |       |     1 |       |       ||     1
Armor: Robe              |    19 |    27 |    67 |    19 ||   132
Dodge: Dodged            |    40 |    34 |   137 |    45 ||   256
Block: Tower shield      |       |       |       |    15 ||    15

Table legend:
 A = Non-vault XP
 B = Vault XP
 C = Vault XP percentage of total XP
 D = Non-vault monster count
 E = Vault monster count
 F = Vault count percentage of total count
                 A         B        C        D         E       F
            +---------+---------+-------+---------+---------+-------
      Total |    5826 |    1666 |  22.2 |     155 |      24 |  13.4
            +---------+---------+-------+---------+---------+-------
        D:1 |      31 |       0 |   0.0 |      18 |       0 |   0.0
        D:2 |      35 |      11 |  23.9 |      19 |       6 |  24.0
        D:3 |     171 |     135 |  44.1 |      21 |       4 |  16.0
        D:4 |     251 |     183 |  42.2 |      16 |       1 |   5.9
        D:5 |     750 |       0 |   0.0 |      25 |       0 |   0.0
        D:6 |     184 |     287 |  60.9 |       8 |       7 |  46.7
        D:7 |    1350 |       0 |   0.0 |      19 |       0 |   0.0
        D:8 |    2205 |       0 |   0.0 |      20 |       0 |   0.0
        D:9 |     849 |    1050 |  55.3 |       9 |       6 |  40.0
            +---------+---------+-------+---------+---------+-------
